 Dungeon Crawl Stone Soup version 0.27.1-33-g824d729ab1 (webtiles) character file.

Game seed: 2510500866063914148

382089 Kagerou the Eviscerator (level 21, -23/110 HPs)
             Began as a Felid Delver on Dec 30, 2021.
             Was the Champion of Makhleb.
             Annihilated by a death cob (31 damage)
             ... on level 1 of the Realm of Zot on Dec 31, 2021.
             The game lasted 08:35:29 (102978 turns).

Kagerou the Eviscerator (Felid Delver)            Turns: 102978, Time: 08:35:30

Health: -23/110    AC:  7    Str: 10    XL:     21   Next: 57%
Magic:  32/37      EV: 36    Int: 18    God:    Makhleb [******]
Gold:   165        SH:  0    Dex: 21    Spells: 3/42 levels left
                                        Lives:  0   Deaths: 6

rFire    + . .     SeeInvis +     - Unarmed
rCold    + + .     Faith    .   (shield unavailable)
rNeg     + . .     Spirit   .   (armour unavailable)
rPois    +         Reflect  .   (helmet unavailable)
rElec    .         Harm     .   (cloak unavailable)
rCorr    .         Rampage  .   (gloves unavailable)
Will     +++..                  (boots unavailable)
Stlth    +++++.....             U - amulet of the acrobat
HPRegen  0.28/turn              p - +4 ring of protection
MPRegen  0.25/turn              C - ring "Ahuboex" {rPois rF+ rC+ rN+ Str+4}

@: quick
A: very small, claws 1, fangs 3, see invisible, speed 1, shaggy fur 3, stealthy
paws, no weapons or thrown items, no armour, multi-lived, weak 1
}: 3/15 runes: decaying, serpentine, abyssal
a: Renounce Religion, Minor Destruction, Lesser Servant of Makhleb, Major
Destruction, Greater Servant of Makhleb


You were on level 1 of the Realm of Zot.
You worshipped Makhleb.
Makhleb was exalted by your worship.
You visited 10 branches of the dungeon, and saw 45 of its levels.
You visited the Abyss 2 times.
You also visited: Bailey.

You collected 5910 gold pieces.
You spent 5745 gold pieces at shops.

Inventory:

Jewellery
 c - a ring of resist corrosion
 e - a +4 ring of evasion
 l - a ring of protection from cold
 p - a +4 ring of protection (left paw)
 w - a ring of wizardry
 C - the ring "Ahuboex" (right paw) {rPois rF+ rC+ rN+ Str+4}
   (You bought it in a shop on level 1 of the Depths)

   [ring of protection from fire]

   Str:       It affects your strength (+4).
   rF:        It protects you from fire.
   rC:        It protects you from cold.
   rPois:     It protects you from poison.
   rN:        It protects you from negative energy.
 F - a ring of protection from fire
 I - an amulet of reflection
 M - a ring of willpower
 U - an amulet of the acrobat (around neck)
 V - an amulet of guardian spirit
 W - a ring of wizardry
Wands
 g - a wand of flame (179)
 m - a wand of mindburst (23)
 v - a wand of acid (17)
 y - a wand of paralysis (23)
 B - a wand of polymorph (31)
 J - a wand of digging (9)
 K - a wand of iceblast (43)
 S - a wand of charming (15)
Scrolls
 a - 3 scrolls of fog
 f - 3 scrolls of amnesia
 h - 25 scrolls of identify
 j - 7 scrolls of vulnerability
 k - a scroll of magic mapping
 o - 11 scrolls of immolation
 t - 3 scrolls of fear
 D - 2 scrolls of silence
 L - 5 scrolls of teleportation
 P - 5 scrolls of holy word
 R - 2 scrolls of blinking
 X - 3 scrolls of summoning
Potions
 b - 8 potions of curing
 d - 7 potions of brilliance
 i - 2 potions of resistance
 n - 2 potions of cancellation
 q - 4 potions of flight
 r - 6 potions of magic
 s - 10 potions of mutation
 u - 5 potions of might
 z - 4 potions of ambrosia
 A - 4 potions of lignification
 E - 5 potions of attraction
 G - a potion of heal wounds
 O - a potion of invisibility
 Z - a potion of berserk rage
Miscellaneous
 x - a phantom mirror
 H - a tin of tremorstones (2/2)
 Q - a lightning rod (4/4)
 T - a phial of floods
 Y - a condenser vane


   Skills:
 + Level 20.5 Fighting
 - Level 20.0 Dodging
 - Level 10.0 Stealth
 + Level 23.4 Unarmed Combat
 - Level 11.0 Spellcasting
 - Level 2.0 Conjurations
 - Level 12.0 Hexes
 - Level 8.0 Translocations
 - Level 16.1 Transmutations
 - Level 3.0 Ice Magic
 - Level 5.6 Air Magic
 - Level 8.0 Earth Magic
 - Level 3.0 Poison Magic
 - Level 12.0 Invocations
 - Level 8.0 Evocations


You had 3 spell levels left.
You knew the following spells:

 Your Spells              Type           Power      Damage    Failure   Level
b - Blink                 Tloc           N/A        N/A       1%          2
g - Passage of Golubria   Tloc           N/A        N/A       2%          4
o - Mephitic Cloud        Conj/Pois/Air  22%        N/A       4%          3
s - Statue Form           Tmut/Erth      34%        N/A       8%          6
t - Tukima's Dance        Hex            52%        N/A       1%          3
D - Dragon Form           Tmut           30%        N/A       9%          7
F - Cause Fear            Hex            26%        N/A       1%          4
O - Silence               Hex/Air        20%        N/A       5%          5
T - Confusing Touch       Hex            52%        N/A       1%          3
W - Passwall              Tmut/Erth      43%        N/A       1%          2

Your spell library contained the following spells:

 Spells                   Type           Power      Damage    Failure   Level
 Freeze                   Ice            80%        1d9       1%          1
 Sandblast                Erth           76%        2d16      1%          1
 Sting                    Tmut/Pois      100%       1d8       1%          1
 Ensorcelled Hibernation  Hex/Ice        72%        N/A       1%          2
 Poisonous Vapours        Pois/Air       50%        N/A       1%          2
 Slow                     Hex            52%        N/A       1%          2
 Dazzling Flash           Conj/Hex       70%        N/A       1%          3
 Gell's Gravitas          Tloc           19%        N/A       1%          3
 Ignite Poison            Fire/Tmut/Pois 32%        N/A       1%          3
 Lesser Beckoning         Tloc           19%        N/A       1%          3
 Spider Form              Tmut/Pois      22%        N/A       1%          3
 Teleport Other           Tloc           38%        N/A       1%          3
 Stone Arrow              Conj/Erth      54%        3d10      2%          3
 Magic Dart               Conj           68%        1d6       3%          1
 Corpse Rot               Necr/Air       N/A        N/A       3%          2
 Frozen Ramparts          Ice            40%        1d6       6%          3
 Animate Skeleton         Necr           18%        N/A       7%          1
 Pain                     Necr           36%        1d5       7%          1
 Call Imp                 Summ           9%         N/A       11%         2
 Sublimation of Blood     Necr           4%         N/A       11%         2
 Vampiric Draining        Necr           4%         2d6       22%         3
 Ice Form                 Ice/Tmut       44%        N/A       1%          4
 Petrify                  Tmut/Erth      52%        N/A       1%          4
 Blade Hands              Tmut           30%        N/A       1%          5
 Yara's Violent Unravell  Hex/Tmut       28%        3d12      1%          5
 Fulminant Prism          Conj/Hex       17%        3d11      4%          4
 Irradiate                Conj/Tmut      21%        3d21      4%          5
 Lee's Rapid Deconstruct  Erth           19%        3d12*     8%          5
 Manifold Assault         Tloc           38%        N/A       8%          5
 Iskenderun's Mystic Bla  Conj/Tloc      27%        2d7       9%          4
 Olgreb's Toxic Radiance  Pois           20%        N/A       21%         4
 Summon Lightning Spire   Summ/Air       20%        N/A       22%         4
 Hailstorm                Conj/Ice       18%        3d6       26%         4
 Summon Ice Beast         Ice/Summ       15%        N/A       36%         4
 Borgnjor's Vile Clutch   Necr/Erth      12%        N/A       36%         5
 Freezing Cloud           Conj/Ice/Air   11%        6-21      43%         5
 Animate Dead             Necr           4%         N/A       56%         4
 Storm Form               Tmut/Air       24%        N/A       56%         7
 Agony                    Necr           9%         N/A       89%         5
 Simulacrum               Ice/Necr       7%         N/A       99%         6
 Death Channel            Necr           4%         N/A       100%        6
 Shadow Creatures         Summ           N/A        N/A       100%        6
 Haunt                    Necr/Summ      4%         N/A       100%        7
 Ozocubu's Refrigeration  Ice            10%        4d7       100%        7
 Borgnjor's Revivificati  Necr           4%         N/A       100%        8
 Ignition                 Fire           4%         3d4       100%        8
 Lehudib's Crystal Spear  Conj/Erth      13%        10d5      100%        8
 Maxwell's Capacitive Co  Air            15%        ∞         100%        8
 Necromutation            Tmut/Necr      19%        N/A       100%        8
 Death's Door             Necr           4%         N/A       100%        9
 Dragon's Call            Summ           4%         N/A       100%        9
 Polar Vortex             Ice            10%        N/A       100%        9
 Animate Armour           Summ/Erth      Unusable   N/A       N/A         4

Dungeon Overview and Level Annotations

Branches:
Dungeon (15/15)            Temple (1/1) D:6            Lair (6/6) D:8
  Swamp (4/4) Lair:4        Snake (4/4) Lair:4        Slime (0/5) Lair:5
    Orc (2/2) D:12            Elf (3/3) Orc:2        Vaults (4/5) D:14
  Crypt (0/3) Vaults:3     Depths (5/5) D:15            Zot (1/5) Depths:5
 Bailey (visited)

Altars:
Ashenzari
Cheibriados
Dithmenos
Elyvilon
Fedhas
Gozag
Hepliaklqana
Kikubaaqudgha
Makhleb
Nemelex Xobeh
Okawaru
Qazlal
Ru
Sif Muna
Trog
Uskayaw
Vehumet
Wu Jian
Xom
Yredelemnul
Zin
The Shining One
Beogh
Jiyva
Lugonu

Shops:
D:7 **:   D:8 :   Orc:2 ((**   Elf:2 (   Snake:1 [   Snake:2 [   Vaults:3 !
Depths:1 ==*   Depths:2 [*??*   Depths:4 ::=(

Portals:
Hell: Depths:1 Depths:2 Depths:4 Depths:5
Abyss: Depths:1 Depths:2 Depths:4 Depths:5
Pandemonium: Depths:3
Ziggurat: Depths:3

Annotations:
Vaults:4 exclusion: 3 downstairs
Depths:1 1 runed translucent door
Depths:3 exclusions: downstairs and 2 more exclusions, Sojobo
Depths:4 exclusion: 2 upstairs


Innate Abilities, Weirdness & Mutations

You have sharp claws.
You have razor-sharp teeth.
You have supernaturally acute eyesight. (SInv)
You cover ground quickly. (Speed+)
Your thick and shaggy fur keeps you warm. (AC +3, rC+)
Your paws help you pounce on unaware monsters.
You are incapable of wielding weapons or throwing items.
You cannot wear armour.
You gain extra lives every three experience levels.
You are weak. (Str -2)


Message History

Your black draconian hits the death cob with a +1 battleaxe of draining!
The quicksilver dragon barely misses your yellow draconian.
The quicksilver dragon claws your yellow draconian!
The quicksilver dragon breathes dispelling energy at you.
The bolt of dispelling energy hits your black draconian!!
Your black draconian dies!
Your black draconian's corpse dissolves into shadows!
The bolt of dispelling energy misses you.
Your green draconian scorcher hits the tentacled monstrosity with a +0 dagger!
Your green draconian scorcher tail-slaps the tentacled monstrosity.
The tentacled monstrosity loses its grip on your green draconian scorcher.
Your moth of wrath barely misses the quicksilver dragon.
You hear a roar!
Unknown command.
Unknown command.
Aiming: Charm
Press: ? - help, Shift-Dir - straight line, f - death cob
Aim: a death cob (moderately damaged, covered in acid, chance to affect: 51%)
Okay, then.
Unknown command.
Unknown command.
Unknown command.
Unknown command.
Okay, then.
Okay, then.
Unknown command.
Unknown command.
Unknown command.
Press: ? - help, v - describe, . - travel
Here: a death cob (moderately damaged, covered in acid)
The floor.
Unknown command.
Unknown command.
Unknown command.
Aiming: Charm
Press: ? - help, Shift-Dir - straight line, f - death cob
Aim: a death cob (moderately damaged, covered in acid, chance to affect: 51%)
The death cob resists with significant effort.
The death cob hits you!!
You die...

,,,,,,...............,*
,,,,,,..............#**
,,,,,,..............#
,,,,,,.............#*
,,,,,,......D..$...#
*,,,,,............#*
,,,,,,.......D....#
,,,,***..##D.X....##
,,,,*,#....dyq.z@..#*
*,,,**#.............#***
*,,,,,......######..#,,*
*,,,,,......**** *#....*
,,,,,,###...,,,****....#
,,,,,,#q###,,,,,,,,,...#
,,,,,,###*****,,,,,**..#
*,,,,,,,,* *,,,****#.#
*,,,,,,,,* **,,,* *,*


You could see a tentacled monstrosity (corroded, ally target), a golden dragon
(catching breath), a death cob (corroded), 2 quicksilver dragons, a friendly
yellow draconian (summoned, berserk), a friendly green draconian scorcher
(summoned) and a friendly moth of wrath (summoned, corroded).

Vanquished Creatures
  Mara (Depths:2)
  Vashnia (Snake:2)
  Margery (Vaults:3)
  4 caustic shrikes
  Frederick (Depths:3)
  2 golden dragons
  Jory (Depths:4)
  the Enchantress (Depths:5)
  A bone dragon (Abyss:5)
  Rupert (D:13)
  A tentacled monstrosity (Swamp:3)
  Jorgrun (D:13)
  A quicksilver dragon (Depths:5)
  A titan (Depths:3)
  2 deep elf master archers (Elf:3)
  2 deep elf blademasters
  2 sphinxes
  A death cob (Zot:1)
  3 tentacled starspawn
  5 tengu reavers
  Frances (D:13)
  2 storm dragons
  9 nagarajas
  2 shadow dragons
  The ghost of KamiKatze the Severer, an adept GrBe of Trog (Swamp:3)
  5 frost giants
  An azure jelly (shapeshifter) (Vaults:3)
  2 iron dragons
  5 fire giants
  A draconian scorcher (Depths:5)
  Aizul (Depths:2)
  5 deep elf elementalists (Elf:3)
  7 vault wardens
  2 orc warlords
  9 deep elf sorcerers
  A draconian stormcaller (Depths:5)
  3 spriggan defenders (Depths:5)
  17 very ugly things
  2 war gargoyles
  9 ironbound preservers
  21 stone giants
  2 grey draconians (Depths:5)
  Nessos (D:13)
  5 deep elf demonologists
  2 green draconians (Depths:5)
  4 vampire knights
  7 dire elephants
  2 purple draconians (Depths:5)
  3 bunyips
  3 entropy weavers
  5 deep elf annihilators
  4 spark wasps
  2 white draconians (Depths:5)
  2 eleionomae
  A merfolk javelineer (Depths:1)
  3 deep elf death magi (Elf:3)
  12 fire dragons
  8 great orbs of eyes
  8 ettins
  Josephine (D:13)
  2 jiangshi (Depths:4)
  10 yaktaur captains
  A shambling mangrove (Swamp:3)
  A salamander tyrant (Snake:4)
  3 deep elf high priests
  The ghost of kalagan the Thaumaturge, a journeyman DECj of Sif Muna (Lair:4)
  5 rakshasas
  18 naga warriors
  9 vault guards
  4 boulder beetles
  12 ironbound thunderhulks
  14 anacondas
  15 ice dragons
  2 ogre magi
  28 hydras
  A peacekeeper (Vaults:2)
  Erolcha (D:9)
  2 ghost crabs
  A caustic shrike simulacrum (Depths:4)
  12 ironbound frosthearts
  8 two-headed ogres
  13 centaur warriors
  4 death yaks
  27 dancing weapons
  9 spriggan air magi
  3 death knights
  8 tengu warriors
  3 vampire magi
  11 alligators
  8 deep troll shamans
  7 ironbound beastmasters
  A thrashing horror (Abyss:3)
  15 deep troll earth magi
  26 naga sharpshooters
  4 spriggan berserkers
  4 hell hogs
  11 hell knights
  8 shock serpents
  Urug (D:13)
  A wretched star (Abyss:1)
  3 salamander mystics
  A shadow wraith (Vaults:3)
  25 deep elf knights
  A sixfirhy (Abyss:3)
  A swamp dragon (shapeshifter) (Depths:5)
  3 skeletal warriors (D:14)
  7 iron trolls
  2 goliath frogs
  A death drake (Swamp:3)
  49 deep trolls
  7 naga ritualists
  2 flayed ghosts (Depths:4)
  3 spriggan druids
  4 bog bodies
  9 lindwurms
  A golden dragon skeleton (Depths:2)
  8 deep elf archers
  9 harpies (Vaults:3)
  4 glowing orange brains
  17 wizards
  33 deep elf pyromancers
  3 phantasmal warriors
  15 swamp dragons
  9 necromancers
  8 orc knights
  A harpy (shapeshifter) (Elf:3)
  40 deep elf zephyrmancers
  17 ironbound convokers
  A mana viper (shapeshifter) (Depths:3)
  9 cyclopes
  12 mana vipers
  A shadow dragon skeleton (Vaults:2)
  An oklob plant (Lair:3)
  53 ugly things
  4 will-o-the-wisps
  An orc sorcerer (Orc:2)
  A tengu skeleton (Vaults:1)
  2 moths of wrath (Zot:1)
  19 salamanders
  A frost giant zombie (Depths:4)
  2 manticores
  2 human zombies (Vaults:1)
  19 naga magi
  42 black mambas
  An elephant (shapeshifter) (Depths:4)
  16 vault sentinels
  10 elephants
  12 guardian serpents
  A guardian serpent (shapeshifter) (Depths:2)
  2 torpor snails
  6 cane toads
  A frost giant skeleton (Vaults:1)
  An eye of devastation (shapeshifter) (Depths:2)
  2 gargoyles
  A kobold demonologist (D:14)
  3 unseen horrors
  5 komodo dragons
  An efreet (D:14)
  A spriggan skeleton (Depths:4)
  2 rime drakes
  18 yaktaurs
  5 tengu conjurers
  2 ancient zymes
  4 trolls
  A golden dragon simulacrum (Depths:4)
  A queen bee (Lair:4)
  A jumping spider (Vaults:4)
  A meliai (shapeshifter) (D:13)
  11 tyrant leeches
  11 hornets
  10 polar bears
  12 blink frogs
  28 slime creatures
  A stone giant simulacrum (Vaults:2)
  A hornet (shapeshifter) (D:12)
  4 dream sheep
  A raiju (Lair:6)
  An ettin skeleton (Vaults:2)
  A redback (shapeshifter) (D:15)
  A vampire (D:12)
  2 small abominations
  Sigmund (D:3)
  2 air elementals
  A shadow (D:11)
  4 redbacks (Vaults:4)
  A tarantella (Vaults:4)
  4 wyverns
  20 humans
  38 yaks
  3 fire elementals
  7 water elementals
  2 neqoxecs
  10 spriggans
  8 basilisks
  6 wraiths
  2 steam dragons
  3 vampire mosquitoes (Swamp:1)
  A chaos spawn (Abyss:4)
  8 wargs
  17 swamp worms
  41 nagas
  3 acid dragons
  11 hell hounds
  10 water moccasins
  2 floating eyes (Depths:3)
  10 swamp drakes
  50 orc warriors
  8 starcursed masses
  An ice beast (D:7)
  2 large abominations
  16 black bears
  8 ogres
  11 boggarts
  27 wolves
  15 centaurs
  A phantom (D:4)
  9 kobold brigands
  16 bullfrogs
  2 earth elementals
  6 gnoll sergeants
  A glowing shapeshifter simulacrum (Vaults:1)
  2 scorpions
  6 killer bees
  4 wights (D:7)
  3 electric eels
  3 jellies
  Crazy Yiuf (D:5)
  A gnoll shaman (D:10)
  14 orc priests
  4 hounds
  6 iguanas
  18 orc wizards
  Robin (D:2)
  A hound skeleton (D:4)
  A howler monkey zombie (D:10)
  7 adders
  A howler monkey skeleton (D:4)
  28 gnolls
  A river rat (D:3)
  A shadow imp (D:8)
  A white imp (D:6)
  3 ufetubi
  4 worms (D:3)
  A dart slug (D:3)
  86 orcs
  10 bats
  10 endoplasms
  5 giant cockroaches
  16 goblins
  6 hobgoblins
  12 kobolds
  4 quokkas
  2 ball pythons
  A frilled lizard (D:3)
  7 rats
  2 bushes (Lair:3)
1824 creatures vanquished.

Vanquished Creatures (collateral kills)
  2 hydras (Swamp:4)
  2 bog bodies (Lair:4)
  An orc sorcerer (Orc:1)
  A necromancer (Depths:2)
  A spriggan zombie (Depths:2)
  A komodo dragon (Lair:1)
  3 blink frogs (Lair:1)
  A shadow (D:8)
  A basilisk (Lair:4)
  Grum (D:9)
  2 acid dragons (Lair:6)
  5 hell hounds (Lair:6)
  A water moccasin (D:8)
  An orc warrior (Orc:1)
  A spriggan simulacrum (Depths:2)
  A black bear (Lair:6)
  5 wolves
  A bullfrog (Lair:1)
  A scorpion (D:8)
  A centaur zombie (D:8)
  An orc priest (Orc:2)
  2 orcs (Orc:1)
36 creatures vanquished.

Vanquished Creatures (others)
  A deep elf pyromancer (Elf:1)
  A water elemental (Elf:2)
  5 dancing weapons
  An orc (Orc:1)
  A quokka (Depths:2)
  7 bushes (Depths:3)
  12 demonic plants (Abyss:5)
  10 foxfires
  105 fungi
  2 lurking horrors (Abyss:5)
  170 plants
  11 starspawn tentacles
326 creatures vanquished.

Grand Total: 2186 creatures vanquished

Notes
Turn   | Place    | Note
-------+----------+-------------------------------------------
     0 | D:5      | Kagerou the Felid Delver began the quest for the Orb.
     0 | D:5      | Reached XP level 1. HP: 10/10 MP: 2/2
     3 | D:5      | Noticed a black bear
   135 | D:5      | Found a burning altar of Makhleb.
   141 | D:5      | Became a worshipper of Makhleb the Destroyer
   267 | D:4      | Noticed a hound
   298 | D:3      | Noticed Sigmund
   312 | D:3      | Found an ancient bone altar of Kikubaaqudgha.
   436 | D:3      | Found a shimmering blue altar of Sif Muna.
   521 | D:3      | Reached skill level 3 in Dodging
   644 | D:3      | Found a glowing drain.
   667 | D:3      | Reached XP level 2. HP: 9/14 MP: 3/3
   872 | D:2      | Noticed Robin
  1013 | D:2      | Reached skill level 3 in Unarmed Combat
  1051 | D:1      | Reached XP level 3. HP: 15/17 MP: 4/4
  1198 | D:1      | Reached * piety under Makhleb
  1828 | D:2      | Reached skill level 4 in Unarmed Combat
  1851 | D:2      | Found a bloodstained altar of Trog.
  1975 | D:3      | Reached XP level 4. HP: 21/21 MP: 5/5
  2000 | D:3      | Learned a level 1 spell: Animate Skeleton
  2608 | D:2      | Found a faded altar of an unknown god.
  3015 | D:2      | Killed Robin
  4132 | D:2      | Reached skill level 5 in Unarmed Combat
  4169 | D:2      | Reached XP level 5. HP: 23/24 MP: 6/6
  4517 | D:4      | Reached skill level 1 in Invocations
  4584 | D:4      | Noticed a phantom
  5309 | D:4      | Killed a phantom
  5310 | D:4      | Reached skill level 2 in Invocations
  5310 | D:4      | Gained mutation: You are covered in thick fur. (AC +2)
                  | [Felid growth]
  5310 | D:4      | Reached XP level 6. HP: 24/28 MP: 8/8
  5387 | D:4      | Reached ** piety under Makhleb
  5472 | D:4      | HP: 1/28 [bullfrog (4)]
  5590 | D:4      | Reached skill level 6 in Unarmed Combat
  5590 | D:4      | Reached skill level 3 in Invocations
  5917 | D:4      | Found a hide-covered altar of Uskayaw.
  5918 | D:4      | Found a radiant altar of Vehumet.
  5966 | D:4      | Found an ornate altar of the Wu Jian Council.
  6105 | D:5      | Reached XP level 7. HP: 31/31 MP: 10/10
  6185 | D:5      | Found a runed translucent door.
  6186 | D:5      | Noticed Crazy Yiuf
  6250 | D:5      | Killed Crazy Yiuf
  6386 | D:5      | Reached skill level 4 in Invocations
  6790 | D:6      | Reached skill level 7 in Unarmed Combat
  6906 | D:6      | Noticed a two-headed ogre
  6974 | D:6      | Killed a two-headed ogre
  6975 | D:6      | Reached skill level 4 in Fighting
  6975 | D:6      | Reached skill level 5 in Dodging
  6975 | D:6      | Reached skill level 8 in Unarmed Combat
  6975 | D:6      | Reached XP level 8. HP: 27/36 MP: 12/12
  7206 | D:6      | Found a staircase to the Ecumenical Temple.
  7211 | Temple   | Entered the Ecumenical Temple
  7461 | D:6      | Reached skill level 6 in Dodging
  7475 | D:6      | Reached skill level 5 in Fighting
  7670 | D:6      | Found a basalt altar of Yredelemnul.
  7743 | D:7      | Reached *** piety under Makhleb
  7744 | D:7      | Reached skill level 9 in Unarmed Combat
  7753 | D:7      | Found a flagged portal.
  7977 | Bailey   | Entered a bailey
  8358 | D:7      | Reached XP level 9. HP: 33/40 MP: 13/13
  8550 | D:7      | Found Nigiav's General Store.
  8574 | D:7      | Bought a potion of heal wounds for 60 gold pieces
  8574 | D:7      | Bought a scroll of vulnerability for 90 gold pieces
  9170 | D:7      | Found Yhegir's Book Shop.
  9267 | D:7      | Found Zin's Purification Station.
  9268 | D:7      | Found a glowing silver altar of Zin.
  9459 | D:8      | Reached skill level 7 in Dodging
 10082 | D:8      | Noticed a two-headed ogre
 10083 | D:8      | Found a shadowy altar of Dithmenos.
 10112 | D:8      | Killed a two-headed ogre
 10113 | D:8      | Reached skill level 6 in Fighting
 10113 | D:8      | Reached skill level 8 in Dodging
 10113 | D:8      | Reached skill level 10 in Unarmed Combat
 10989 | D:8      | Reached XP level 10. HP: 35/46 MP: 14/14
 11081 | D:8      | Found a staircase to the Lair.
 11357 | D:8      | Found an iron altar of Okawaru.
 11394 | D:8      | Found Ojuniecw's Book Emporium.
 11607 | D:8      | Reached skill level 11 in Unarmed Combat
 11755 | D:8      | Reached skill level 7 in Fighting
 12090 | D:9      | Found a broken altar of Ashenzari.
 12145 | D:9      | Learned a level 3 spell: Tukima's Dance
 12177 | D:9      | Reached skill level 9 in Dodging
 12303 | D:9      | Reached **** piety under Makhleb
 12398 | D:9      | Noticed a two-headed ogre
 12795 | D:9      | Killed a two-headed ogre
 13171 | D:9      | Reached skill level 5 in Invocations
 13261 | D:9      | Noticed Grum
 13297 | D:9      | Killed Grum
 13395 | D:9      | Found a bloodstained altar of Trog.
 13558 | D:9      | Noticed Erolcha
 13746 | Lair:1   | Entered Level 1 of the Lair of Beasts
 13827 | Lair:1   | Reached skill level 8 in Fighting
 13827 | Lair:1   | Reached skill level 10 in Dodging
 13827 | Lair:1   | Reached skill level 6 in Invocations
 14150 | Lair:1   | Noticed a black mamba
 14225 | Lair:1   | Noticed a five-headed hydra
 14734 | Lair:1   | Reached XP level 11. HP: 51/51 MP: 17/17
 14791 | Lair:1   | Learned a level 3 spell: Mephitic Cloud
 14859 | Lair:1   | Reached skill level 7 in Invocations
 14920 | D:8      | Bought Sif Muna's Papyrus of Venom for 216 gold pieces
 14924 | D:8      | Learned a level 3 spell: Ignite Poison
 15038 | Lair:1   | Killed a five-headed hydra
 15039 | Lair:1   | Reached skill level 2 in Spellcasting
 15039 | Lair:1   | Reached skill level 1 in Poison Magic
 15183 | Lair:1   | Reached skill level 1 in Transmutations
 15185 | Lair:1   | Reached skill level 1 in Air Magic
 15556 | Lair:2   | Reached skill level 2 in Poison Magic
 15557 | Lair:2   | Reached skill level 2 in Transmutations
 15911 | Lair:2   | Reached skill level 3 in Transmutations
 15962 | Lair:2   | Reached skill level 4 in Transmutations
 16083 | Lair:2   | Reached skill level 3 in Spellcasting
 16320 | Lair:2   | Reached skill level 3 in Poison Magic
 16463 | Lair:2   | Reached skill level 4 in Spellcasting
 16463 | Lair:2   | Reached skill level 5 in Transmutations
 16486 | Lair:2   | Reached skill level 1 in Conjurations
 16491 | Lair:2   | Reached skill level 2 in Conjurations
 16512 | Lair:2   | Reached skill level 12 in Unarmed Combat
 16724 | Lair:2   | Learned a level 2 spell: Blink
 17090 | Lair:3   | Reached skill level 1 in Translocations
 17092 | Lair:3   | Reached skill level 2 in Translocations
 17176 | Lair:3   | Reached skill level 3 in Translocations
 17178 | Lair:3   | Reached skill level 4 in Translocations
 17317 | Lair:3   | Gained mutation: Your thick and shaggy fur keeps you warm.
                  | (AC +3, rC+) [Felid growth]
 17317 | Lair:3   | Reached XP level 12. HP: 20/56 MP: 15/19
 17769 | Lair:3   | Noticed an eight-headed hydra
 17830 | Lair:3   | Killed an eight-headed hydra
 18276 | Lair:4   | Reached skill level 11 in Dodging
 18385 | Lair:4   | Found a transporter.
 18389 | Lair:4   | Found a transporter.
 18390 | Lair:4   | Noticed kalagan's ghost (journeyman DECj)
 18530 | Lair:4   | Reached skill level 9 in Fighting
 18718 | Lair:4   | Found a staircase to the Swamp.
 18886 | Lair:4   | Found a staircase to the Snake Pit.
 19087 | Lair:4   | Reached skill level 13 in Unarmed Combat
 19615 | Lair:5   | Noticed a six-headed hydra
 19825 | Lair:5   | Noticed a death yak
 20000 | Lair:5   | Noticed a death yak
 20000 | Lair:5   | Noticed a death yak
 20004 | Lair:5   | Noticed a death yak
 20340 | Lair:5   | Found a viscous altar of Jiyva.
 20341 | Lair:5   | Found a runed translucent door.
 20344 | Lair:5   | Found a staircase to the Slime Pits.
 20349 | Lair:5   | Noticed a seven-headed hydra
 20568 | Lair:5   | Killed a death yak
 20606 | Lair:4   | Killed a death yak
 20894 | Lair:4   | Killed a death yak
 21145 | Lair:5   | Killed a six-headed hydra
 21146 | Lair:5   | Reached skill level 12 in Dodging
 21695 | Lair:5   | Killed a death yak
 22103 | Lair:5   | Killed a seven-headed hydra
 22104 | Lair:5   | Reached skill level 10 in Fighting
 22104 | Lair:5   | Reached XP level 13. HP: 60/61 MP: 7/20
 22274 | Lair:5   | Reached skill level 14 in Unarmed Combat
 22550 | Lair:6   | Entered Level 6 of the Lair of Beasts
 23067 | Lair:5   | Reached skill level 6 in Transmutations
 23505 | Lair:6   | Reached skill level 7 in Transmutations
 23713 | Lair:6   | Reached skill level 8 in Transmutations
 25779 | D:10     | Entered Level 10 of the Dungeon
 26435 | D:10     | Found a bloodstained altar of Trog.
 26437 | D:10     | Found a white marble altar of Elyvilon.
 26437 | D:10     | Found a shimmering altar of Xom.
 26439 | D:10     | Found an opulent altar of Gozag.
 26439 | D:10     | Found a basalt altar of Yredelemnul.
 26439 | D:10     | Found a sparkling altar of Nemelex Xobeh.
 26806 | D:7      | Bought the Collected Works on the Mutagenic Glacier for 672
                  | gold pieces
 26809 | D:7      | Learned a level 2 spell: Passwall
 26815 | D:7      | Learned a level 5 spell: Blade Hands
 26982 | D:10     | Reached skill level 7 in Stealth
 27136 | D:10     | Reached skill level 8 in Stealth
 27622 | D:11     | Cast into level 2 of the Abyss (gnoll sergeant)
 27642 | Abyss:2  | Noticed a tentacled starspawn
 27791 | Abyss:3  | Gained mutation: You are weak. (Str -2) [a neqoxec]
 27811 | Abyss:3  | Noticed a starcursed mass
 27854 | Abyss:3  | Noticed a starcursed mass
 27979 | Abyss:3  | Noticed a tentacled starspawn
 27979 | Abyss:3  | Noticed a yellow draconian scorcher
 28016 | Abyss:3  | Noticed a deep elf elementalist
 28055 | Abyss:3  | Noticed a deep elf demonologist
 28184 | Abyss:3  | Noticed a deep elf demonologist
 28262 | Abyss:3  | Noticed a lich
 28299 | Abyss:3  | Noticed a starcursed mass
 28341 | Abyss:3  | Noticed a black draconian knight
 28395 | Abyss:3  | HP: 3/62 [spatial maelstrom (4)]
 28395 | Abyss:3  | Demolished by a spatial maelstrom
 28396 | Abyss:3  | Reached XP level 12. HP: -16/58 MP: 19/19
 28496 | Abyss:3  | Noticed a tentacled starspawn
 28564 | Abyss:3  | HP: 2/58 [smoke demon/ball of steam (21)]
 28565 | Abyss:3  | Engulfed by a smoke demon's steam
 28566 | Abyss:3  | Reached XP level 11. HP: -8/55 MP: 18/18
 28604 | Abyss:3  | Found a corrupted altar of Lugonu.
 28635 | Abyss:3  | Noticed a large abomination
 28692 | Abyss:4  | Noticed a great orb of eyes
 28692 | Abyss:4  | Noticed a tentacled starspawn
 28699 | Abyss:4  | Noticed a starcursed mass
 28727 | Abyss:4  | Noticed a glowing orange brain
 28758 | Abyss:4  | Noticed a wolf spider
 28764 | Abyss:4  | Noticed a glowing orange brain
 28781 | Abyss:4  | Noticed a necromancer
 28807 | Abyss:4  | Noticed a thrashing horror
 28807 | Abyss:4  | Noticed a bone dragon
 28808 | Abyss:4  | Noticed a thrashing horror
 28813 | Abyss:4  | Noticed a starcursed mass
 28824 | Abyss:4  | Noticed a green very ugly thing
 28826 | Abyss:4  | Noticed a green very ugly thing
 28829 | Abyss:4  | Kagerou: ??thrashing horror
 28829 | Abyss:4  | beem: thrashing horror[1/1]: An abyss-unique speed 25
                  | bat-movement trampler that doesn't hit too hard but when
                  | near death casts might.
 28851 | D:11     | Escaped the Abyss
 29306 | D:11     | Noticed a green ugly thing
 29668 | D:11     | Killed a green ugly thing
 30218 | D:11     | Reached skill level 9 in Stealth
 30335 | D:12     | Noticed a five-headed hydra
 30399 | D:12     | Reached skill level 15 in Unarmed Combat
 30407 | D:12     | Noticed a two-headed ogre
 30740 | D:12     | Killed a two-headed ogre
 30741 | D:12     | Reached XP level 12. HP: 58/58 MP: 10/19
 31358 | D:12     | Reached skill level 9 in Transmutations
 31692 | D:12     | Found a staircase to the Orcish Mines.
 31707 | D:12     | Reached skill level 1 in Hexes
 31711 | D:12     | Reached ***** piety under Makhleb
 31739 | D:12     | Reached skill level 2 in Hexes
 32021 | D:12     | Killed a five-headed hydra
 32086 | D:12     | Reached skill level 3 in Hexes
 32972 | D:3      | Killed Sigmund
 33423 | D:2      | Found a bloodstained altar of Trog.
 33746 | D:2      | Found a faded altar of an unknown god.
 34306 | Orc:1    | Entered Level 1 of the Orcish Mines
 34446 | D:12     | Reached skill level 13 in Dodging
 34489 | D:12     | Reached skill level 4 in Hexes
 34982 | Orc:2    | Entered Level 2 of the Orcish Mines
 35092 | Orc:2    | Reached skill level 5 in Hexes
 36083 | Orc:2    | Found a staircase to the Elven Halls.
 36149 | Orc:2    | Noticed an orc warlord
 36347 | Orc:2    | Reached skill level 5 in Spellcasting
 36510 | Orc:1    | Found a runed translucent door.
 36528 | Orc:1    | Reached skill level 1 in Evocations
 36604 | Orc:1    | Reached skill level 2 in Evocations
 37235 | Orc:1    | Reached skill level 3 in Evocations
 38382 | Lair:6   | Reached XP level 13. HP: 51/62 MP: 9/21
 38392 | Lair:6   | Reached skill level 4 in Evocations
 38454 | Lair:6   | Reached skill level 5 in Evocations
 38924 | Lair:6   | Learned a level 3 spell: Confusing Touch
 39570 | Lair:6   | Identified the -2 helmet "Coublol" {MP-9 Str+6 Slay+6}
 39585 | Lair:6   | Noticed a fire dragon
 39878 | D:13     | Noticed Urug
 39925 | D:13     | Noticed Jorgrun
 39926 | D:13     | Killed Jorgrun
 39978 | D:13     | Noticed Rupert
 40088 | D:13     | Killed Urug
 40179 | D:13     | Noticed Nessos
 40182 | D:13     | Noticed Josephine
 40304 | D:13     | Killed Josephine
 40392 | D:13     | Killed Nessos
 40412 | D:13     | Reached ****** piety under Makhleb
 41462 | D:14     | Reached skill level 11 in Fighting
 42864 | D:14     | Reached skill level 14 in Dodging
 42864 | D:14     | Reached skill level 16 in Unarmed Combat
 42864 | D:14     | Reached XP level 14. HP: 67/67 MP: 9/22
 42975 | D:14     | Found a gate to the Vaults.
 43592 | Orc:1    | You fall into a shaft and drop 1 floor!
 43855 | Orc:2    | Found Feawk's Antique Weapon Emporium.
 43855 | Orc:2    | Found Nikol's General Store.
 43857 | Orc:2    | Found Agenot's General Store.
 43859 | Orc:2    | Found Esek's Weapon Shoppe.
 43863 | Orc:2    | Bought a scroll of teleportation for 36 gold pieces
 43863 | Orc:2    | Bought a scroll of teleportation for 36 gold pieces
 43871 | Orc:2    | Bought an amulet of the acrobat for 390 gold pieces
 43905 | Orc:2    | Killed an orc warlord
 44581 | D:7      | Bought a book of Dreams for 448 gold pieces
 44584 | D:7      | Learned a level 2 spell: Ensorcelled Hibernation
 44794 | D:15     | Entered Level 15 of the Dungeon
 45480 | D:14     | Reached skill level 1 in Ice Magic
 45758 | D:15     | Reached skill level 2 in Ice Magic
 47233 | D:14     | Reached skill level 3 in Ice Magic
 47556 | D:15     | HP: 1/67 [centaur warrior/arrow (24)]
 50309 | D:15     | Found a staircase to the Depths.
 50711 | Snake:1  | Entered Level 1 of the Snake Pit
 50748 | Snake:1  | Reached skill level 12 in Fighting
 50934 | Snake:1  | Reached skill level 15 in Dodging
 50934 | Snake:1  | Reached skill level 17 in Unarmed Combat
 51230 | Snake:1  | Reached skill level 2 in Air Magic
 51233 | Snake:1  | Reached XP level 15. HP: 72/72 MP: 17/23
 51651 | Snake:1  | Reached skill level 6 in Hexes
 51864 | Snake:1  | Reached skill level 7 in Hexes
 52177 | Snake:1  | Reached skill level 8 in Hexes
 52966 | Snake:1  | Reached skill level 3 in Air Magic
 53128 | Snake:1  | Found Vunocani's Armour Shoppe.
 53840 | Snake:2  | Noticed Vashnia
 54067 | Snake:2  | Reached skill level 10 in Transmutations
 55224 | Snake:2  | Reached skill level 4 in Air Magic
 55396 | Snake:2  | Noticed a nagaraja
 55677 | Snake:3  | Reached skill level 11 in Transmutations
 56153 | Snake:2  | Found Rowkura's Armour Shop.
 56888 | Snake:2  | Killed a nagaraja
 57016 | Snake:3  | Reached skill level 5 in Air Magic
 57378 | Snake:3  | Noticed a nagaraja
 57389 | Snake:3  | Killed a nagaraja
 57390 | Snake:3  | Reached skill level 12 in Transmutations
 57430 | Snake:3  | Noticed a nagaraja
 57445 | Snake:3  | Killed a nagaraja
 58556 | Snake:3  | Reached XP level 16. HP: 76/76 MP: 17/25
 58566 | Snake:3  | Kagerou: I'm about to stop sucking!
 58575 | Snake:3  | Learned a level 7 spell: Dragon Form
 59226 | Snake:3  | Reached skill level 6 in Spellcasting
 59226 | Snake:3  | Reached skill level 13 in Transmutations
 59590 | Snake:4  | Entered Level 4 of the Snake Pit
 60242 | Snake:4  | Reached skill level 14 in Transmutations
 60364 | Snake:4  | Found a runed translucent door.
 61065 | Snake:4  | Reached skill level 15 in Transmutations
 61965 | Snake:4  | Reached skill level 16 in Transmutations
 62098 | Snake:4  | Reached XP level 17. HP: 79/79 MP: 22/27
 62450 | Snake:4  | Got a serpentine rune of Zot
 63522 | Snake:2  | Killed Vashnia
 64800 | Lair:4   | Killed kalagan's ghost
 65181 | Swamp:1  | Entered Level 1 of the Swamp
 65919 | Swamp:2  | Reached skill level 16 in Dodging
 65919 | Swamp:2  | Reached skill level 18 in Unarmed Combat
 66917 | Swamp:3  | Reached skill level 13 in Fighting
 67546 | Swamp:3  | Kagerou: ??resists
 67546 | Swamp:3  | beem: resistance[1/3]: Percentage of normal damage taken
                  | with each resistance for player: r{F,C,Elec,Pois}-: 150%;
                  | r{F,C}+: 50%; r{F,C}++: 33%; r{F,C}+++: 20%; rN+: 50%;
                  | rN++: 25%; rN+++: 0%; rCorr: 50%; rPois+: 33%; rElec: 33%
 67809 | Swamp:3  | Found a runed translucent gate.
 67812 | Swamp:3  | Noticed KamiKatze's ghost (adept GrBe)
 67812 | Swamp:3  | Noticed a tentacled monstrosity
 67815 | Swamp:3  | Found a runed translucent gate.
 67816 | Swamp:3  | Found a runed translucent gate.
 68038 | Swamp:4  | Entered Level 4 of the Swamp
 68138 | Swamp:4  | Reached XP level 18. HP: 85/85 MP: 25/28
 68526 | Swamp:4  | Got a decaying rune of Zot
 69551 | Swamp:3  | Reached skill level 19 in Unarmed Combat
 69564 | Swamp:3  | Killed KamiKatze's ghost
 69565 | Swamp:3  | Reached skill level 17 in Dodging
 69573 | Swamp:3  | Killed a tentacled monstrosity
 69587 | Swamp:3  | Killed from afar by a spriggan air mage
 69588 | Swamp:3  | Reached XP level 17. HP: -8/123 MP: 26/27
 70007 | D:9      | Killed Erolcha
 70420 | D:13     | Killed Rupert
 70507 | D:13     | Noticed Frances
 70534 | D:13     | Killed Frances
 71169 | Vaults:1 | Entered Level 1 of the Vaults
 71264 | Vaults:1 | Learned a level 4 spell: Passage of Golubria
 71627 | Vaults:2 | Reached skill level 5 in Translocations
 71635 | Vaults:2 | Reached skill level 6 in Translocations
 71859 | Vaults:1 | Reached skill level 7 in Translocations
 71911 | Vaults:1 | Reached skill level 8 in Translocations
 72547 | Vaults:1 | Reached skill level 14 in Fighting
 72912 | Vaults:1 | Reached XP level 18. HP: 87/87 MP: 18/28
 72962 | Vaults:1 | Demolished by a white very ugly thing
 72963 | Vaults:1 | Reached XP level 17. HP: -17/124 MP: 18/27
 73509 | Vaults:1 | Identified the +0 shortbow of Soft Reinforcement {vorpal,
                  | rElec Str-2 Int+5}
 73784 | Vaults:1 | Kagerou: ??large ugly thing
 73784 | Vaults:1 | beem: I don't have a page labeled large_ugly_thing in my
                  | learndb.
 73806 | Vaults:1 | Reached skill level 18 in Dodging
 73806 | Vaults:1 | Reached skill level 20 in Unarmed Combat
 74990 | Vaults:2 | Reached skill level 15 in Fighting
 75236 | Vaults:2 | Reached skill level 8 in Invocations
 75673 | Vaults:2 | Reached skill level 9 in Invocations
 76131 | Vaults:2 | Reached skill level 10 in Invocations
 76131 | Vaults:2 | Reached XP level 18. HP: 89/89 MP: 20/28
 76945 | Vaults:3 | Reached skill level 11 in Invocations
 77503 | Vaults:3 | Found a staircase to the Crypt.
 77769 | Vaults:3 | Found Tokhif's Distillery.
 77777 | Vaults:3 | Bought a potion of might for 52 gold pieces
 77777 | Vaults:3 | Bought a potion of heal wounds for 65 gold pieces
 78017 | Vaults:3 | Reached skill level 12 in Invocations
 78340 | D:7      | Bought a condenser vane for 480 gold pieces
 78390 | D:8      | Bought a manual of Unarmed Combat for 960 gold pieces
 78801 | Vaults:3 | Noticed Margery
 79858 | Vaults:3 | Found a staircase to the Crypt.
 79885 | Vaults:3 | Found Tokhif's Distillery.
 80160 | Vaults:3 | Killed Margery
 81259 | Vaults:4 | Reached skill level 6 in Evocations
 81773 | Vaults:4 | Reached skill level 7 in Evocations
 81818 | Vaults:4 | Reached skill level 8 in Evocations
 81956 | Vaults:4 | Reached XP level 19. HP: 93/93 MP: 29/29
 82357 | Vaults:4 | HP: 5/139 [yaktaur captain/bolt (26)]
 83552 | Elf:1    | Entered Level 1 of the Elven Halls
 83795 | Elf:1    | Reached skill level 21 in Unarmed Combat
 83966 | Elf:1    | Learned a level 5 spell: Silence
 84190 | Elf:1    | Reached skill level 7 in Spellcasting
 84561 | Elf:1    | Reached skill level 16 in Fighting
 85179 | Elf:1    | Got the Almanac of Creative Attacks
 85254 | Elf:2    | Found Niaregeh's Weapon Boutique.
 85367 | Elf:2    | Identified a scroll of acquirement
 85376 | Elf:2    | Reached skill level 19 in Dodging
 85381 | Elf:2    | Acquired a book of the Dragon
 85695 | Elf:2    | Reached skill level 10 in Stealth
 85891 | Elf:2    | Found a runed translucent gate.
 85891 | Elf:2    | Found a runed translucent gate.
 85944 | Elf:2    | Found a runed translucent gate.
 86052 | Elf:2    | HP: 5/211 [deep elf blademaster (6)]
 86052 | Elf:2    | Slain by a deep elf blademaster
 86053 | Elf:2    | Reached XP level 18. HP: -1/202 MP: 18/30
 86393 | Elf:2    | Reached skill level 8 in Spellcasting
 86555 | Elf:2    | Reached skill level 9 in Hexes
 86932 | Elf:2    | Reached XP level 19. HP: 94/94 MP: 25/32
 86939 | Elf:2    | Learned a level 4 spell: Cause Fear
 87035 | Elf:2    | Reached skill level 10 in Hexes
 87254 | Elf:3    | Entered Level 3 of the Elven Halls
 87690 | Elf:3    | Reached skill level 9 in Spellcasting
 88643 | Depths:1 | Entered Level 1 of the Depths
 88788 | Depths:1 | Found a burning altar of Makhleb.
 88815 | Depths:1 | Found a runed translucent door.
 88816 | Depths:1 | Found a glowing silver altar of Zin.
 88848 | Depths:1 | Reached skill level 11 in Hexes
 89345 | Depths:1 | Found a corrupted altar of Lugonu.
 89345 | Depths:1 | Found a one-way gate to the infinite horrors of the Abyss.
 89345 | Depths:1 | You fall into a shaft and drop 1 floor!
 89374 | Depths:2 | Reached skill level 10 in Spellcasting
 89462 | Depths:2 | Reached skill level 12 in Hexes
 89604 | Depths:2 | Noticed Mara
 91065 | Depths:1 | Found Otigeul's Jewellery Shop.
 91069 | Depths:1 | Found Yvilem's Jewellery Boutique.
 91070 | Depths:1 | Found Badghys's Assorted Antiques.
 91081 | Depths:1 | Bought a scroll of blinking for 322 gold pieces
 91085 | Depths:1 | Bought the ring "Ahuboex" {rPois rF+ rC+ rN+ Str+4} for 725
                  | gold pieces
 91180 | Depths:1 | Found a gateway to Hell.
 91482 | Depths:2 | Found Ihiorott's Assorted Antiques.
 91592 | Depths:2 | Found a white marble altar of Elyvilon.
 91609 | Depths:2 | Found Yloanewo's Magic Scroll Shoppe.
 91618 | Depths:2 | Bought a scroll of blinking for 127 gold pieces
 91641 | Depths:2 | Found Qaephor's Magic Scroll Shop.
 91658 | Depths:2 | Killed Mara
 91664 | Depths:2 | Found Wigguf's General Store.
 91708 | Depths:2 | Found Unkaz's Antique Armour Boutique.
 91903 | Depths:2 | Noticed Aizul
 91917 | Depths:2 | Killed Aizul
 91922 | Depths:2 | Noticed a caustic shrike
 91944 | Depths:2 | Reached skill level 17 in Fighting
 91951 | Depths:2 | Noticed a caustic shrike
 91966 | Depths:2 | Noticed a caustic shrike
 92230 | Depths:2 | Killed a caustic shrike
 92231 | Depths:2 | Reached XP level 20. HP: 100/100 MP: 28/35
 92235 | Depths:2 | Killed a caustic shrike
 92241 | Depths:2 | Killed a caustic shrike
 92248 | Depths:2 | Kagerou: something about unarmed or dragon form seems
                  | nerfed as heck
 92248 | Depths:2 | Kagerou: i used to obliterate caustic shrikes back in my
                  | day
 93225 | Elf:3    | Reached skill level 22 in Unarmed Combat
 93595 | Elf:3    | Identified the ring of Fragile Peace {MP+9 Str+4 Slay-2
                  | SInv}
 93659 | Elf:3    | Reached skill level 20 in Dodging
 93676 | Elf:3    | Identified the +2 scimitar "Coorhued" {vamp, *Rage rPois
                  | Dex+2}
 93737 | Elf:3    | Identified the +6 morningstar of Bataa {flame, rPois}
 93885 | Elf:3    | Identified the +7 falchion of Etauskis {vorpal, *Rage +Rage
                  | Will+ rCorr}
 94053 | Elf:3    | Reached skill level 18 in Fighting
 94647 | Elf:3    | Identified the ring "Laenikui" {Wiz rN+ Int+5 Dex-3}
 94990 | Depths:1 | Bought a +4 ring of protection for 468 gold pieces
 95053 | Depths:2 | Bought a scroll of fear for 52 gold pieces
 95053 | Depths:2 | Bought a scroll of fear for 52 gold pieces
 95100 | Depths:2 | Voluntarily entered the Abyss.
 95102 | Abyss:1  | Noticed a bone dragon
 95259 | Abyss:2  | Found a corrupted altar of Lugonu.
 95264 | Abyss:2  | Found a corrupted altar of Lugonu.
 95434 | Abyss:3  | Found a broken altar of Ashenzari.
 95452 | Abyss:3  | Noticed a bone dragon
 95667 | Abyss:4  | Paralysed by an air elemental for 1 turns
 95815 | Abyss:5  | Entered Level 5 of the Abyss
 95920 | Abyss:5  | Noticed a bone dragon
 95944 | Abyss:5  | Killed a bone dragon
 96135 | Abyss:5  | Noticed a bone dragon
 96239 | Abyss:5  | Got an abyssal rune of Zot
 96242 | Depths:2 | Escaped the Abyss
 96513 | Depths:3 | Noticed a caustic shrike
 96513 | Depths:3 | Noticed Frederick
 96527 | Depths:3 | Noticed a golden dragon
 96553 | Depths:3 | HP: 1/154 [deep troll earth mage (18)]
 96553 | Depths:3 | Slain by a deep troll earth mage
 96554 | Depths:3 | Reached XP level 19. HP: 0/147 MP: 25/34
 96564 | Depths:3 | Found a one-way gate leading to the halls of Pandemonium.
 97029 | Depths:3 | Reached skill level 23 in Unarmed Combat
 97067 | Depths:3 | Killed a golden dragon
 97068 | Depths:3 | Reached XP level 20. HP: 103/103 MP: 20/35
 97242 | Depths:3 | Reached skill level 19 in Fighting
 97785 | Depths:3 | Identified the +11 broad axe of the Dark Horse {pain,
                  | *Corrode rElec rPois Str+6}
 97912 | Depths:3 | Killed Frederick
 98116 | Depths:3 | Found a gateway to a ziggurat.
 98163 | Depths:3 | Killed a caustic shrike
 98387 | Depths:3 | Kagerou: this floor was pure devil
 98654 | Depths:4 | Reached skill level 20 in Fighting
 99535 | Depths:3 | Noticed Sojobo
 99967 | Depths:4 | Found Moaggacid's Weapon Shop.
100000 | Depths:4 | Found Nylinipn's Jewellery Shoppe.
100000 | Depths:4 | Found Kofunt's Book Boutique.
100001 | Depths:4 | Found Cuklats's Book Boutique.
100007 | Depths:4 | Bought Naoq's Almanac of the Rocks for 494 gold pieces
100015 | Depths:4 | Learned a level 6 spell: Statue Form
100025 | Depths:4 | Found a snail-covered altar of Cheibriados.
100044 | Depths:4 | Reached skill level 1 in Earth Magic
100382 | Depths:4 | Reached skill level 2 in Earth Magic
100617 | Depths:5 | Entered Level 5 of the Depths
100617 | Depths:5 | Noticed Jory
100640 | Depths:4 | Killed Jory
100641 | Depths:4 | Reached skill level 3 in Earth Magic
100957 | Depths:4 | Reached skill level 4 in Earth Magic
101074 | Depths:5 | Reached XP level 21. HP: 110/110 MP: 26/36
101278 | Depths:5 | Reached skill level 5 in Earth Magic
101417 | Depths:5 | Reached skill level 6 in Earth Magic
101511 | Depths:5 | Reached skill level 7 in Earth Magic
102545 | Depths:5 | Noticed the Enchantress
102562 | Depths:5 | Reached skill level 8 in Earth Magic
102572 | Depths:5 | Killed the Enchantress
102592 | Depths:5 | Kagerou: i have no idea why this was so tough
102665 | Depths:5 | Noticed a golden dragon
102675 | Depths:5 | Killed a golden dragon
102679 | Depths:5 | Reached skill level 11 in Spellcasting
102730 | Depths:5 | Found a gate to the Realm of Zot.
102951 | Zot:1    | Entered Level 1 of the Realm of Zot
102973 | Zot:1    | Noticed a golden dragon
102978 | Zot:1    | Annihilated by a death cob

Illustrated notes

Levels and vault maps discovered:
D:1:      denvon_arrival_planthouse, layout_loops_cross, grunt_decor_arrowhead,
          chequers_serial_rivers_micro_d, minmay_misc_feat_more_columns
D:2:      layout_loops_ring, basic_altar, shapermc_ecumenical_altar_petra,
          minmay_misc_feat_five, uniq_robin
D:3:      minmay_evil_eye, layout_rooms, nicolae_overflow_crystal_walls,
          amcnicky_altar_gilded, portal_sewer_entry_a, uniq_sigmund
D:4:      layout_loops_ring, nzn_wu_jian_council_hall,
          gammafunk_temple_overflow_pools, minmay_splitting_lines,
          chequers_serial_rivers_micro_b, grunt_ministairs_13,
          minmay_misc_feat_rugged
D:5:      layout_basic, bloody_makhleb, minmay_misc_feat_nine_boxes,
          uniq_crazy_yiuf_cottage
D:6:      layout_rooms, kennysheep_little_box, minmay_temple_entry_glassed_door
D:7:      layout_gridville, zin_purify, enter_bailey_4, serial_shops,
          nicolae_shop_behind_doors, nicolae_shop_waterfront
D:8:      layout_basic, marbit_many_paths, okawaru_humans,
          due_lair_maze_entry_diamond, serial_shops, shop,
          chequers_decorated_corner, dk_noncrumbling_3, minmay_misc_feat_roman
D:9:      layout_loops_ring, mainiacjoe_overflow_small_starburst,
          evilmike_ruin_ashenzari, kb_lookout_dungeons_type, uniq_erolcha,
          uniq_grum
D:10:     layout_long_grid, doesnt_xom_only_xom, st_stairs_1,
          minmay_diamond_spiral
D:11:     layout_grid_maze
D:12:     layout_gridville, kennysheep_orc_monster_closet_entryway
D:13:     layout_irregular_city, uniq_nessos, uniq_josephine, uniq_jorgrun,
          uniq_rupert, uniq_urug, uniq_frances
D:14:     layout_stronghold, grunt_vaults_entry_tiered
D:15:     gammafunk_enter_depths_forms, layout_loops_cross,
          minmay_misc_feat_doors, minmay_between
Temple:   kb_temple_of_zot
Lair:1:   layout_long_grid
Lair:2:   layout_loops_ring, grunt_megastairs_3, infiniplex_staircase_pool,
          serial_bayou_shore_a, lemuel_fruit_fields
Lair:3:   layout_roguey, st_stairs_5, minmay_lair_oklob_bushes,
          infiniplex_staircase_pool_2
Lair:4:   layout_cave_pods, skrybe_swamp_entry_bodies, dummy_snake_entry,
          gammafunk_ghost_hive
Lair:5:   layout_layer_cave, slime_altar_2, lemuel_fruit_fields,
          grunt_megastairs_2
Lair:6:   guppyfry_lair_end_dragon, layout_hall_layers,
          hangedman_lair_caniforms_friends
Swamp:1:  layout_falls_marsh, hangedman_swamp_lotus
Swamp:2:  layout_basic_swamp, evilmike_swamp_ruin_house_2,
          grunt_lady_of_the_lake
Swamp:3:  layout_basic_swamp, gammafunk_ghost_split, evilmike_swamp_ruin_house_6
Swamp:4:  swamp, layout_basic_swamp
Snake:1:  layout_basic, serial_shops, nicolae_square_shop, grunt_ministairs_12,
          beargit_elvish_explorers
Snake:2:  layout_chambers, serial_shops, nicolae_shop_crystal,
          nicolae_snake_gridmaze_spiral, uniq_vashnia
Snake:3:  layout_honeycomb
Snake:4:  grunt_snake_rune_serpentine_throne, layout_cave_shapes,
          lightli_airlock
Orc:1:    layout_caves, basic_altar, lightli_church_of_beogh
Orc:2:    st_orc_rangers, layout_caves
Elf:1:    eino_elf_arrival_sip, layout_gridlike, minmay_elf_sorcery, minivault_5
Elf:2:    nicolae_elf_blades_splatter_lattice
          [nicolae_blade_entry_diamond_columns], layout_geoelf_octagon,
          serial_shops, shop_coins
Elf:3:    minmay_elf_hall_dome, layout_geoelf_castle
Vaults:1: v_misc_11, vaults_room_fours, nicolae_vaults_sealed_display,
          nicolae_vaults_display_case, v_misc_28, vaults_room_door_hall,
          nicolae_vaults_little_squares_6, ontoclasm_vaults_idyll,
          nicolae_vaults_what_the_h, ontoclasm_vaults_decontamination,
          nicolae_vaults_rhombus_6, vaults_room_grid, layout_vaults_omnibox
Vaults:2: nicolae_vaults_triangles, ontoclasm_vaults_idyll, v_misc_25,
          v_misc_26, vaults_mumra_minichess_inversion, st_cells, v_misc_1,
          hangedman_vaults_stream, vaults_dpeg_diagonal, vaults_mumra_hexcomb,
          vaults_dpeg_ring, vaults_dpeg_hooks, layout_vaults_ring
Vaults:3: nicolae_vaults_ring_of_whatevers, vaults_room_stairs_pillars,
          v_misc_26, blue_anna_dwarven_crypt, vaults_room_corners, v_misc_4,
          st_more_cells, layout_vaults_chaotic_city, serial_shops,
          nicolae_shop_stone, uniq_margery
Vaults:4: grunt_vaults_funnel, ontoclasm_vaults_gateway,
          vaults_room_hangedman_quadrants, v_misc_31, grunt_vaults_focal,
          ontoclasm_vaults_chip, vaults_mumra_hex,
          nicolae_vaults_yaktaur_gun_rack, nicolae_vaults_alarming,
          nicolae_vaults_gold_heap, vaults_room_pool, layout_vaults_omnigrid
Depths:1: layout_forbidden_donut, lemuel_doored_altar, pf_coc_iceberg,
          abyss_entry_flame_altar, corexii_corridor_pit, grunt_ministairs_6,
          lemuel_angel_altar, serial_bayou_shore_b, serial_bayou_shore_b,
          serial_bayou_shore_b, minmay_shop_star
Depths:2: minmay_octagon_keep, layout_basic, abyss_entry, serial_shops,
          nicolae_shop_temple_entry_statues_fountains, nicolae_diamond_shop,
          shop, nicolae_shop_overgrown_old_shop, shop, elyvilon_altar_4,
          hell_entry, uniq_aizul, uniq_mara
Depths:3: wad_statue_garden, layout_small_grid, enter_ziggurat_f, pan_entry,
          hangedman_decor_lopped, grunt_metal_band, gammafunk_ghost_necromancy,
          evilmike_ambush [evilmike_ambush_outer_pillars,
          evilmike_ambush_inner_basic], uniq_boris, uniq_frederick, uniq_sojobo
Depths:4: minmay_the_grid_octo_tiled_squarecenter
          [minmay_the_grid_octo_fat_diamond, minmay_the_grid_octo_checkerflower,
          minmay_the_grid_octo_clover, minmay_the_grid_octo_horde,
          minmay_the_grid_square_5x5_megaprize_hollow,
          minmay_the_grid_square_5x5_minimal,
          minmay_the_grid_square_5x5_one_wall,
          minmay_the_grid_square_5x5_spiral_small,
          minmay_the_grid_square_5x5_broken_cross], layout_gridlike,
          pf_hell_entry_great_geh, abyss_entry_crystal, kennysheep_another_room,
          serial_shops, shop, cheibriados_altar_1, firewood_loft,
          infiniplex_staircase_spiral, minmay_shop_grove
Depths:5: evilmike_zot_entry_gauntlet, layout_gridlike, hell_entry,
          serial_glass, glass_columns_b, glass_columns_b, glass_columns_b,
          glass_columns_a, abyss_entry_glasseish, uniq_jory, uniq_enchantress
Zot:1:    lemuel_draconian_sentries, layout_cathedral_of_symmetry,
          grunt_ministairs_2

Skill      XL: |  1  2  3  4  5  6  7  8  9 10 11 12 13 14 15 16 17 18 19 20 21 |
---------------+----------------------------------------------------------------+-----
Dodging        | 3 5 6 8 10 13 14 15 18 17 19 20 | 20.0
Unarmed Combat | 3 4 5 6 8 9 10 11 15 13 16 17 20 19 23 22 | 23.4
Invocations    | 2 3 4 6 7 10 12 | 12.0
Fighting       | 4 5 6 8 10 11 12 15 17 20 | 20.5
Spellcasting   | 4 5 6 8 10 11 | 11.0
Poison Magic   | 3 |  3.0
Transmutations | 5 9 8 12 16 | 16.1
Air Magic      | 1 2 5 |  5.6
Conjurations   | 2 |  2.0
Translocations | 4 8 |  8.0
Stealth        | 9 8 10 | 10.0
Hexes          | 5 8 9 12 | 12.0
Evocations     | 3 5 8 |  8.0
Ice Magic      | 3 |  3.0
Earth Magic    | 4 8 |  8.0

Action                   |  1- 3 |  4- 6 |  7- 9 | 10-12 | 13-15 | 16-18 | 19-21 || total
-------------------------+-------+-------+-------+-------+-------+-------+-------++-------
Melee: Unarmed           |    85 |   191 |   155 |   735 |  1106 |  1322 |  1114 ||  4708
       Bite              |     3 |    22 |    25 |    87 |    97 |   151 |   133 ||   518
       Punch             |       |     5 |     4 |    35 |    70 |   147 |   123 ||   384
       Tailslap          |       |       |       |       |       |   188 |   132 ||   320
 Cast: Mephitic Cloud    |       |       |       |   135 |   113 |    78 |    36 ||   362
       Ignite Poison     |       |       |       |    52 |    19 |       |       ||    71
       Passwall          |       |       |       |    26 |    70 |    11 |    48 ||   155
       Tukima's Dance    |       |       |       |    10 |    11 |    23 |    14 ||    58
       Blade Hands       |       |       |       |    29 |   124 |       |       ||   153
       Blink             |       |       |       |     6 |    16 |     1 |     4 ||    27
       Confusing Touch   |       |       |       |       |     6 |     4 |       ||    10
       Ensorcelled Hiber |       |       |       |       |     1 |       |     1 ||     2
       Dragon Form       |       |       |       |       |       |   171 |   135 ||   306
       Passage of Golubr |       |       |       |       |       |     1 |     2 ||     3
       Silence           |       |       |       |       |       |       |    29 ||    29
       Cause Fear        |       |       |       |       |       |       |     6 ||     6
       Statue Form       |       |       |       |       |       |       |     9 ||     9
Invok: Minor Destruction |       |     8 |   153 |   152 |   100 |     1 |       ||   414
       Lesser Servant of |       |       |     2 |    20 |    14 |     1 |     1 ||    38
       Major Destruction |       |       |       |     1 |       |       |       ||     1
       Greater Servant o |       |       |       |       |       |       |     5 ||     5
 Abil: End Transformatio |       |       |       |     4 |    28 |    42 |    73 ||   147
       Breathe Fire      |       |       |       |       |       |    34 |    16 ||    50
Evoke: Wand              |     3 |       |       |     7 |    11 |    15 |     9 ||    45
       Phantom mirror    |       |       |       |     1 |       |     1 |     1 ||     3
       Phial of floods   |       |       |       |       |       |     2 |     3 ||     5
       Condenser vane    |       |       |       |       |       |     1 |     2 ||     3
  Use: Scroll            |     5 |     3 |     8 |    15 |    13 |    13 |    17 ||    74
       Potion            |     3 |     4 |     3 |     8 |    15 |     9 |    15 ||    57
 Stab: Sleeping          |    17 |     6 |     7 |    20 |    31 |    27 |    48 ||   156
       Distracted        |     1 |     3 |       |     3 |     8 |     6 |     8 ||    29
       Confused          |       |       |       |    54 |    50 |    35 |    20 ||   159
       Invisible         |       |       |       |     4 |     1 |       |       ||     5
       Paralysed         |       |       |       |       |       |       |     1 ||     1
Armor: Skin              |     6 |     6 |     4 |    24 |    13 |   332 |   213 ||   598
Dodge: Dodged            |    47 |   114 |   166 |   730 |   909 |   746 |   807 ||  3519
